Jets vs Sharks

Created - January 24, 2016 at 09:59

Goals
1 2 3 T
Jets 2 0 0 2
Sharks 1 1 2 4
Shots
1 2 3 T
Jets 10 7 6 23
Sharks 9 10 9 28

1st period

1. Jets , Boyd Gordon 5 (Vernon Fiddler, Nicklas Grossmann) at 2:37
2. Sharks , Nikolai Kulemin 19 (Mark Pysyk, Charlie Coyle) at 7:53 (PP)
3. Jets , Nick Bonino 16 (Cam Atkinson) at 15:57

Penalties :
Brett Bellemore (WPG) for Hooking (Minor) at 6:41, Robert Bortuzzo (SJS) for High sticking (Minor) at 11:30

2nd period

4. Sharks , Robert Bortuzzo 3 (Martin Havlat, Jordan Leopold) at 5:10

Penalties :
Dylan Olsen (WPG) for Hooking (Minor) at 2:37, Robert Bortuzzo (SJS) for Boarding (Minor) at 12:17

3rd period

5. Sharks , Robert Bortuzzo 4 (Martin Havlat, Matt Beleskey) at 2:16
6. Sharks , Matt Beleskey 19 (Mark Pysyk, Ladislav Smid) at 19:59 (Empty Net)

Penalties :
Kevin Klein (WPG) for Roughing (Minor) at 5:23, Brett Bellemore (WPG) for Tripping (Minor) at 15:24, Andrej Sustr (SJS) for Interference (Minor) at 16:01

Goalie Stats

Cory Schneider (WPG), 24 saves from 27 shots - (0.889), L, 26-15-3, 58:51 minutes
Jonas Hiller (SJS), 21 saves from 23 shots - (0.913), W, 19-12-5, 60:00 minutes

Players Stats for Jets

Player Name              G  A  P  +/- PIM S  H  SB GA TA FO     MP     PP MP  PK MP  
------------------------------------------------------------------------------------
Anders Lee               0  0  0   1  0   2  3  0  0  0  0/1    19:01   2:14   1:25 
Boyd Gordon              1  0  1   1  0   1  0  0  0  0  1/4     4:31   0:00   0:00 
Brett Bellemore          0  0  0  -1  4   0  1  1  0  0  0/0    15:37   0:00   0:00 
Brett Connolly           0  0  0  -1  0   1  0  0  0  0  1/2    11:45   0:00   2:09 
Cam Atkinson             0  1  1   0  0   2  0  0  0  0  0/0    18:12   1:40   0:00 
Craig Cunningham         0  0  0   1  0   0  0  0  0  0  0/1     4:31   0:00   0:00 
David Krejci             0  0  0  -2  0   1  1  0  0  0  12/29  22:33   2:21   0:27 
Dylan Olsen              0  0  0   0  2   0  0  0  0  0  0/0    10:56   0:34   0:50 
Jamie Benn               0  0  0  -2  0   1  7  0  0  0  2/3    21:32   2:21   0:00 
Jeff Carter              0  0  0  -2  0   3  0  0  0  0  2/3    21:32   2:21   0:00 
Kevin Klein              0  0  0  -1  2   2  3  1  0  0  0/0    20:07   2:02   1:29 
Nick Bonino              1  0  1   0  0   3  0  0  0  0  19/29  21:51   2:14   4:03 
Nicklas Grossmann        0  1  1   1  0   0  2  2  0  0  0/0    19:51   1:59   2:19 
Patrick Eaves            0  0  0   0  0   7  0  0  0  0  0/0     9:58   0:34   0:00 
Radko Gudas              0  0  0   1  0   0  0  1  0  0  0/0     5:02   0:00   0:00 
Tobias Enstrom           0  0  0  -1  0   0  1  0  0  0  0/0    24:27   2:33   3:28 
Tyler Myers              0  0  0  -1  0   0  1  1  0  0  0/0    23:56   2:02   3:28 
Vernon Fiddler           0  1  1   1  0   0  0  0  0  0  7/12   17:25   0:00   3:30 

Players Stats for Sharks

Player Name              G  A  P  +/- PIM S  H  SB GA TA FO     MP     PP MP  PK MP  
------------------------------------------------------------------------------------
Alexander Wennberg       0  0  0   0  0   5  0  0  0  0  13/24  17:04   2:35   0:00 
Andrej Sustr             0  0  0   0  2   0  0  1  0  0  0/0    21:15   3:36   1:23 
Andrew Shaw              0  0  0  -1  0   2  3  1  0  0  10/24  20:23   3:12   2:24 
Brooks Laich             0  0  0  -1  0   4  2  0  0  0  1/3    17:49   3:12   0:00 
Charlie Coyle            0  1  1   1  0   1  1  0  0  0  10/20  18:32   2:35   2:11 
Colin McDonald           0  0  0   0  0   0  0  0  0  0  0/1    14:29   0:00   0:00 
Jannik Hansen            0  0  0   1  0   3  0  0  0  0  0/0    17:59   0:08   2:24 
Jordan Leopold           0  1  1   1  0   1  0  1  0  0  0/0    18:11   0:00   0:00 
Ladislav Smid            0  1  1   0  0   0  2  0  0  0  0/0    19:29   2:10   2:44 
Luke Witkowski           0  0  0   0  0   0  0  0  0  0  0/0     0:00   0:00   0:00 
Mark Pysyk               0  2  2   1  0   1  3  2  0  0  0/0    23:36   3:37   2:45 
Martin Havlat            0  2  2   1  0   0  0  0  0  0  1/1    19:24   0:00   0:00 
Martin Marincin          0  0  0  -1  0   1  0  0  0  0  0/0    15:45   0:00   2:18 
Matt Beleskey            1  1  2   1  0   6  3  0  0  0  1/2    17:23   3:37   0:00 
Nikolai Kulemin          1  0  1  -1  0   2  2  0  0  0  0/1    19:00   2:02   2:11 
Robert Bortuzzo          2  0  2   1  4   2  2  1  0  0  0/0    21:41   2:10   0:00 
Stephen Weiss            0  0  0   1  0   0  0  0  0  0  4/8     6:00   0:00   0:00 
Viktor Stalberg          0  0  0   1  0   0  2  1  0  0  0/0     6:00   0:00   0:00 

3 Stars

1 - Matt Beleskey (SJS)
2 - Robert Bortuzzo (SJS)
3 - Mark Pysyk (SJS)

Power Play

Jets - 0 on 3 Attempt(s) - 0.00%
Sharks - 1 on 4 Attempt(s) - 25.00%

Penalty Kill

Jets - 3 on 4 Attempt(s) - 75.00% - Score 0 goal in Penalty Kill
Sharks - 3 on 3 Attempt(s) - 100.00% - Score 0 goal in Penalty Kill

Team Stat

Jets - Hits : 19 - Faceoff Wins : 44 - Blocked Shots : 6 - Penalty Minutes : 8
Sharks - Hits : 20 - Faceoff Wins : 40 - Blocked Shots : 7 - Penalty Minutes : 6

Official

Referees : Chris Lee and Gord Dwyer
Linesman : Mike Cvik and Brian Mach

Game Notes

Matt Beleskey has scored in a empty net!

Finance

Level 1 -- Attendance: 6500 (100.00%) -- Ticket Income $650,000
Level 2 -- Attendance: 5000 (100.00%) -- Ticket Income $300,000
Level 3 -- Attendance: 3500 (100.00%) -- Ticket Income $122,500
Level 4 -- Attendance: 1562 (100.00%) -- Ticket Income $31,240
Luxury Box -- Attendance: 961 (96.10%) -- Ticket Income $192,200
Game was played at the SAP center.
Total Attendance: 17523 (99.78%)
Total Ticket Income: $1,295,940
Other Income: $194,391
Total Income: $1,490,331

% Time on Ice - Jets

Lines # - Real PCT - Wanted PCT - Time Play
Normal Forward
1 - 39% - 40% - 18:47
2 - 32% - 30% - 15:22
3 - 20% - 20% - 9:24
4 - 9% - 10% - 4:31
Normal Defense
1 - 37% - 39% - 17:50
2 - 33% - 31% - 15:39
3 - 20% - 20% - 9:33
4 - 10% - 10% - 5:02
PP Forward
1 - 51% - 73% - 2:21
2 - 49% - 27% - 2:14
PP Defense
1 - 56% - 70% - 2:33
2 - 44% - 30% - 2:02
PK Forward
1 - 100% - 75% - 5:47
2 - 0% - 25% - 0:00
PK Defense
1 - 60% - 60% - 3:28
2 - 40% - 40% - 2:19
PK3 Forward
1 - 0% - 70%
2 - 0% - 30%
PK3 Defense
1 - 0% - 60%
2 - 0% - 40%
44 Forward
1 - 29% - 50% - 0:24
2 - 71% - 50% - 0:58
44 Defense
1 - 29% - 51% - 0:24
2 - 71% - 49% - 0:58
Last Minute Offensive  - 0:12
Last Minute Defensive  - 0:00
Total
Forward - 60:00
Defense - 60:00

% Time on Ice - Sharks

Lines # - Real PCT - Wanted PCT - Time Play
Normal Forward
1 - 28% - 31% - 13:24
2 - 29% - 28% - 14:01
3 - 30% - 26% - 14:29
4 - 13% - 15% - 6:00
Normal Defense
1 - 38% - 40% - 18:11
2 - 34% - 35% - 16:16
3 - 28% - 25% - 13:27
4 - 0% - 0% - 0:00
PP Forward
1 - 55% - 60% - 3:12
2 - 45% - 40% - 2:35
PP Defense
1 - 37% - 60% - 2:10
2 - 63% - 40% - 3:37
PK Forward
1 - 48% - 50% - 2:11
2 - 52% - 50% - 2:24
PK Defense
1 - 50% - 60% - 2:17
2 - 50% - 40% - 2:18
PK3 Forward
1 - 0% - 60%
2 - 0% - 40%
PK3 Defense
1 - 0% - 60%
2 - 0% - 40%
44 Forward
1 - 44% - 50% - 0:36
2 - 56% - 50% - 0:46
44 Defense
1 - 56% - 50% - 0:46
2 - 44% - 50% - 0:36
Last Minute Offensive  - 0:00
Last Minute Defensive  - 0:22
Total
Forward - 60:00
Defense - 60:00

Play by Play

1st period


0:01 of 1st period - Martin Havlat wins face-off versus Jeff Carter in neutral zone.
0:12 of 1st period - Icing by Tyler Myers.
0:13 of 1st period - David Krejci wins face-off versus Andrew Shaw in Jets zone.
0:13 of 1st period - David Krejci is hit by Nikolai Kulemin.
0:33 of 1st period - Jamie Benn is hit by Mark Pysyk and loses puck.
1:44 of 1st period - Icing by Ladislav Smid.
1:45 of 1st period - Vernon Fiddler wins face-off versus Alexander Wennberg in Sharks zone.
1:45 of 1st period - Patrick Eaves is hit by Ladislav Smid and loses puck.
1:56 of 1st period - Shot by Patrick Eaves.
1:56 of 1st period - Stopped by Jonas Hiller without a rebound.
1:57 of 1st period - Charlie Coyle wins face-off versus Boyd Gordon in Sharks zone.
2:07 of 1st period - Shot by Matt Beleskey.
2:07 of 1st period - Shot Blocked by Radko Gudas.
2:37 of 1st period - Shot by Boyd Gordon.
2:37 of 1st period - Goal by Boyd Gordon - Jets : 1 - Sharks : 0.
2:38 of 1st period - Nick Bonino wins face-off versus Andrew Shaw in neutral zone.
3:01 of 1st period - Andrew Shaw is hit by Anders Lee.
4:02 of 1st period - Off-side.
4:03 of 1st period - Stephen Weiss wins face-off versus Vernon Fiddler in neutral zone.
4:20 of 1st period - Shot by Brett Connolly.
4:20 of 1st period - Deflect By Patrick Eaves.
4:20 of 1st period - Stopped by Jonas Hiller without a rebound.
4:21 of 1st period - Nick Bonino wins face-off versus Charlie Coyle in Sharks zone.
4:28 of 1st period - Shot by Cam Atkinson.
4:28 of 1st period - Deflect By Anders Lee.
4:28 of 1st period - Shot Misses the Net.
4:40 of 1st period - Shot by Kevin Klein.
4:40 of 1st period - Stopped by Jonas Hiller without a rebound.
4:41 of 1st period - Vernon Fiddler wins face-off versus Alexander Wennberg in Sharks zone.
5:56 of 1st period - Shot by David Krejci.
5:56 of 1st period - Shot Misses the Net.
6:15 of 1st period - Icing by Stephen Weiss.
6:16 of 1st period - Nick Bonino wins face-off versus Stephen Weiss in Sharks zone.
6:39 of 1st period - Nick Bonino is hit by Viktor Stalberg and loses puck.
6:41 of 1st period - Minor Penalty to Brett Bellemore for Hooking.
6:42 of 1st period - Nick Bonino wins face-off versus Brooks Laich in Jets zone.
6:58 of 1st period - Andrew Shaw is hit by Kevin Klein and loses puck.
7:15 of 1st period - Shot by Andrew Shaw.
7:15 of 1st period - Shot Misses the Net.
7:27 of 1st period - Shot by Charlie Coyle.
7:27 of 1st period - Deflect By Nikolai Kulemin.
7:27 of 1st period - Shot Misses the Net.
7:29 of 1st period - Shot by Nikolai Kulemin.
7:29 of 1st period - Shot Blocked by Nicklas Grossmann.
7:31 of 1st period - Shot by Mark Pysyk.
7:31 of 1st period - Shot Misses the Net.
7:33 of 1st period - Shot by Charlie Coyle.
7:33 of 1st period - Shot Blocked by Kevin Klein.
7:35 of 1st period - Shot by Alexander Wennberg.
7:35 of 1st period - Stopped by Cory Schneider without a rebound.
7:36 of 1st period - Alexander Wennberg wins face-off versus Brett Connolly in Jets zone.
7:53 of 1st period - Shot by Nikolai Kulemin.
7:53 of 1st period - Goal by Nikolai Kulemin - Jets : 1 - Sharks : 1.
7:54 of 1st period - David Krejci wins face-off versus Stephen Weiss in neutral zone.
8:03 of 1st period - Shot by Jamie Benn.
8:03 of 1st period - Shot Blocked by Viktor Stalberg.
8:05 of 1st period - Shot by Jeff Carter.
8:05 of 1st period - Stopped by Jonas Hiller without a rebound.
8:06 of 1st period - David Krejci wins face-off versus Charlie Coyle in Sharks zone.
8:11 of 1st period - Shot by David Krejci.
8:11 of 1st period - Shot Misses the Net.
8:37 of 1st period - Shot by Matt Beleskey.
8:37 of 1st period - Stopped by Cory Schneider without a rebound.
8:38 of 1st period - Vernon Fiddler wins face-off versus Andrew Shaw in Jets zone.
9:15 of 1st period - Shot by Nikolai Kulemin.
9:15 of 1st period - Stopped by Cory Schneider with a rebound.
9:53 of 1st period - Shot by Charlie Coyle.
9:53 of 1st period - Shot Misses the Net.
9:57 of 1st period - Shot by Matt Beleskey.
9:57 of 1st period - Stopped by Cory Schneider without a rebound.
9:58 of 1st period - Alexander Wennberg wins face-off versus David Krejci in Jets zone.
10:28 of 1st period - Andrej Sustr is hit by Jamie Benn and loses puck.
10:37 of 1st period - Shot by Alexander Wennberg.
10:37 of 1st period - Stopped by Cory Schneider without a rebound.
10:38 of 1st period - Nick Bonino wins face-off versus Charlie Coyle in Jets zone.
10:40 of 1st period - Kevin Klein is hit by Charlie Coyle and loses puck.
11:30 of 1st period - Minor Penalty to Robert Bortuzzo for High sticking.
11:31 of 1st period - David Krejci wins face-off versus Andrew Shaw in Sharks zone.
12:08 of 1st period - Icing by Nicklas Grossmann.
12:09 of 1st period - Charlie Coyle wins face-off versus Jamie Benn in Jets zone.
12:09 of 1st period - Nikolai Kulemin is hit by Nicklas Grossmann.
12:41 of 1st period - Shot by Kevin Klein.
12:41 of 1st period - Shot Misses the Net.
13:07 of 1st period - Shot by Cam Atkinson.
13:07 of 1st period - Shot Misses the Net.
13:38 of 1st period - Nicklas Grossmann is hit by Viktor Stalberg and loses puck.
14:30 of 1st period - Shot by Jannik Hansen.
14:30 of 1st period - Stopped by Cory Schneider with a rebound.
15:57 of 1st period - Shot by Nick Bonino.
15:57 of 1st period - Goal by Nick Bonino - Jets : 2 - Sharks : 1.
15:58 of 1st period - Charlie Coyle wins face-off versus Vernon Fiddler in neutral zone.
16:51 of 1st period - Shot by Andrej Sustr.
16:51 of 1st period - Deflect By Jannik Hansen.
16:51 of 1st period - Shot Misses the Net.
17:35 of 1st period - Icing by Brooks Laich.
17:36 of 1st period - Andrew Shaw wins face-off versus David Krejci in Sharks zone.
17:36 of 1st period - Andrew Shaw is hit by Jamie Benn.
17:52 of 1st period - Shot by Brooks Laich.
17:52 of 1st period - Stopped by Cory Schneider without a rebound.
17:53 of 1st period - Charlie Coyle wins face-off versus Nick Bonino in Jets zone.
18:00 of 1st period - Shot by Matt Beleskey.
18:00 of 1st period - Stopped by Cory Schneider without a rebound.
18:01 of 1st period - Charlie Coyle wins face-off versus David Krejci in Jets zone.
18:15 of 1st period - Off-side.
18:16 of 1st period - Nick Bonino wins face-off versus Andrew Shaw in neutral zone.
18:21 of 1st period - Shot by Cam Atkinson.
18:21 of 1st period - Shot Misses the Net.
18:23 of 1st period - Shot by Nick Bonino.
18:23 of 1st period - Stopped by Jonas Hiller with a rebound.
18:25 of 1st period - Shot by Nick Bonino.
18:25 of 1st period - Stopped by Jonas Hiller with a rebound.
18:27 of 1st period - Shot by Kevin Klein.
18:27 of 1st period - Stopped by Jonas Hiller without a rebound.
18:28 of 1st period - David Krejci wins face-off versus Charlie Coyle in Sharks zone.
18:34 of 1st period - Icing by Robert Bortuzzo.
18:35 of 1st period - Charlie Coyle wins face-off versus David Krejci in Sharks zone.
18:56 of 1st period - Off-side.
18:57 of 1st period - Nick Bonino wins face-off versus Andrew Shaw in neutral zone.
18:59 of 1st period - Off-side.
19:00 of 1st period - Nick Bonino wins face-off versus Andrew Shaw in neutral zone.
19:55 of 1st period - Icing by Andrej Sustr.
19:56 of 1st period - David Krejci wins face-off versus Andrew Shaw in Sharks zone.
19:59 of 1st period - Shot by Jeff Carter.
19:59 of 1st period - Stopped by Jonas Hiller without a rebound.
Goals for this period are 2 for Jets vs 1 for Sharks.
Shots for this period are 10 for Jets vs 9 for Sharks.

2nd period


0:01 of 2nd period - Matt Beleskey wins face-off versus David Krejci in neutral zone.
0:32 of 2nd period - Icing by Brett Bellemore.
0:33 of 2nd period - Alexander Wennberg wins face-off versus David Krejci in Jets zone.
0:34 of 2nd period - Shot by Jannik Hansen.
0:34 of 2nd period - Stopped by Cory Schneider without a rebound.
0:35 of 2nd period - Alexander Wennberg wins face-off versus Nick Bonino in Jets zone.
1:06 of 2nd period - Shot by Cam Atkinson.
1:06 of 2nd period - Shot Blocked by Mark Pysyk.
1:14 of 2nd period - Shot by Nick Bonino.
1:14 of 2nd period - Shot Blocked by Andrej Sustr.
1:16 of 2nd period - Shot by Tyler Myers.
1:16 of 2nd period - Deflect By Cam Atkinson.
1:16 of 2nd period - Stopped by Jonas Hiller without a rebound.
1:17 of 2nd period - David Krejci wins face-off versus Charlie Coyle in Sharks zone.
1:42 of 2nd period - Shot by Matt Beleskey.
1:42 of 2nd period - Deflect By Charlie Coyle.
1:42 of 2nd period - Stopped by Cory Schneider without a rebound.
1:43 of 2nd period - Andrew Shaw wins face-off versus Boyd Gordon in Jets zone.
1:46 of 2nd period - Shot by Nikolai Kulemin.
1:46 of 2nd period - Shot Misses the Net.
1:48 of 2nd period - Shot by Martin Marincin.
1:48 of 2nd period - Stopped by Cory Schneider with a rebound.
2:00 of 2nd period - Shot by Andrew Shaw.
2:00 of 2nd period - Shot Misses the Net.
2:33 of 2nd period - Boyd Gordon is hit by Matt Beleskey and loses puck.
2:37 of 2nd period - Minor Penalty to Dylan Olsen for Hooking.
2:38 of 2nd period - Nick Bonino wins face-off versus Alexander Wennberg in Jets zone.
2:38 of 2nd period - Nick Bonino is hit by Nikolai Kulemin.
3:10 of 2nd period - Shot by Alexander Wennberg.
3:10 of 2nd period - Stopped by Cory Schneider with a rebound.
3:12 of 2nd period - Shot by Nikolai Kulemin.
3:12 of 2nd period - Shot Misses the Net.
4:02 of 2nd period - Icing by Charlie Coyle.
4:03 of 2nd period - Brett Connolly wins face-off versus Matt Beleskey in Sharks zone.
4:42 of 2nd period - Shot by Andrew Shaw.
4:42 of 2nd period - Shot Misses the Net.
4:44 of 2nd period - Shot by Stephen Weiss.
4:44 of 2nd period - Shot Misses the Net.
4:56 of 2nd period - Shot by Stephen Weiss.
4:56 of 2nd period - Shot Misses the Net.
4:58 of 2nd period - Shot by Stephen Weiss.
4:58 of 2nd period - Shot Blocked by Brett Bellemore.
5:00 of 2nd period - Shot by Jordan Leopold.
5:00 of 2nd period - Shot Misses the Net.
5:10 of 2nd period - Shot by Robert Bortuzzo.
5:10 of 2nd period - Goal by Robert Bortuzzo - Jets : 2 - Sharks : 2.
5:11 of 2nd period - Alexander Wennberg wins face-off versus Nick Bonino in neutral zone.
5:17 of 2nd period - Martin Marincin is hit by Nicklas Grossmann.
5:29 of 2nd period - Shot by Alexander Wennberg.
5:29 of 2nd period - Stopped by Cory Schneider without a rebound.
5:30 of 2nd period - David Krejci wins face-off versus Andrew Shaw in Jets zone.
5:32 of 2nd period - Icing by Jamie Benn.
5:33 of 2nd period - Jamie Benn wins face-off versus Stephen Weiss in Jets zone.
6:02 of 2nd period - Shot by Jeff Carter.
6:02 of 2nd period - Shot Misses the Net.
6:21 of 2nd period - Icing by Tyler Myers.
6:22 of 2nd period - Alexander Wennberg wins face-off versus David Krejci in Jets zone.
6:25 of 2nd period - Shot by Jannik Hansen.
6:25 of 2nd period - Shot Misses the Net.
6:44 of 2nd period - Anders Lee is hit by Robert Bortuzzo and loses puck.
7:05 of 2nd period - Shot by Anders Lee.
7:05 of 2nd period - Shot Blocked by Robert Bortuzzo.
7:15 of 2nd period - Shot by Nick Bonino.
7:15 of 2nd period - Shot Misses the Net.
7:37 of 2nd period - Nicklas Grossmann is hit by Andrew Shaw and loses puck.
8:11 of 2nd period - Icing by Dylan Olsen.
8:12 of 2nd period - Vernon Fiddler wins face-off versus Charlie Coyle in Jets zone.
8:52 of 2nd period - Charlie Coyle is hit by David Krejci and loses puck.
9:04 of 2nd period - Icing by Mark Pysyk.
9:05 of 2nd period - Nick Bonino wins face-off versus Charlie Coyle in Sharks zone.
10:35 of 2nd period - Shot by Alexander Wennberg.
10:35 of 2nd period - Deflect By Jannik Hansen.
10:35 of 2nd period - Stopped by Cory Schneider without a rebound.
10:36 of 2nd period - Stephen Weiss wins face-off versus David Krejci in Jets zone.
10:39 of 2nd period - Shot by Martin Havlat.
10:39 of 2nd period - Shot Misses the Net.
10:49 of 2nd period - Shot by Jeff Carter.
10:49 of 2nd period - Stopped by Jonas Hiller without a rebound.
10:50 of 2nd period - Alexander Wennberg wins face-off versus Vernon Fiddler in Sharks zone.
11:15 of 2nd period - Shot by Patrick Eaves.
11:15 of 2nd period - Stopped by Jonas Hiller without a rebound.
11:16 of 2nd period - Charlie Coyle wins face-off versus David Krejci in Sharks zone.
11:25 of 2nd period - Shot by Matt Beleskey.
11:25 of 2nd period - Stopped by Cory Schneider with a rebound.
11:57 of 2nd period - Jamie Benn is hit by Robert Bortuzzo and loses puck.
12:16 of 2nd period - Shot by Patrick Eaves.
12:16 of 2nd period - Stopped by Jonas Hiller with a rebound.
12:17 of 2nd period - Minor Penalty to Robert Bortuzzo for Boarding.
12:18 of 2nd period - Andrew Shaw wins face-off versus Nick Bonino in Sharks zone.
12:40 of 2nd period - Off-side.
12:41 of 2nd period - David Krejci wins face-off versus Charlie Coyle in neutral zone.
12:56 of 2nd period - Shot by David Krejci.
12:56 of 2nd period - Stopped by Jonas Hiller without a rebound.
12:57 of 2nd period - Andrew Shaw wins face-off versus Nick Bonino in Sharks zone.
12:57 of 2nd period - Andrew Shaw is hit by Anders Lee.
13:07 of 2nd period - Shot by Andrew Shaw.
13:07 of 2nd period - Stopped by Cory Schneider without a rebound.
13:08 of 2nd period - Jeff Carter wins face-off versus Andrew Shaw in Jets zone.
13:12 of 2nd period - Icing by Jeff Carter.
13:13 of 2nd period - Andrew Shaw wins face-off versus David Krejci in Jets zone.
14:21 of 2nd period - Shot by Vernon Fiddler.
14:21 of 2nd period - Shot Blocked by Jordan Leopold.
14:29 of 2nd period - Shot by Patrick Eaves.
14:29 of 2nd period - Stopped by Jonas Hiller without a rebound.
14:30 of 2nd period - Alexander Wennberg wins face-off versus Anders Lee in Sharks zone.
14:30 of 2nd period - Alexander Wennberg is hit by Anders Lee.
15:05 of 2nd period - Icing by Robert Bortuzzo.
15:06 of 2nd period - Alexander Wennberg wins face-off versus David Krejci in Sharks zone.
15:06 of 2nd period - Alexander Wennberg is hit by Jamie Benn.
15:09 of 2nd period - Jannik Hansen is hit by Jamie Benn and loses puck.
15:17 of 2nd period - Alexander Wennberg is hit by Kevin Klein and loses puck.
15:45 of 2nd period - Kevin Klein is hit by Matt Beleskey.
16:25 of 2nd period - Cam Atkinson is hit by Brooks Laich and loses puck.
16:38 of 2nd period - Shot by Cam Atkinson.
16:38 of 2nd period - Stopped by Jonas Hiller without a rebound.
16:39 of 2nd period - Vernon Fiddler wins face-off versus Colin McDonald in Sharks zone.
17:32 of 2nd period - Icing by Colin McDonald.
17:33 of 2nd period - Nick Bonino wins face-off versus Alexander Wennberg in Sharks zone.
18:52 of 2nd period - Andrew Shaw is hit by Brett Bellemore and loses puck.
19:15 of 2nd period - Shot by Brooks Laich.
19:15 of 2nd period - Stopped by Cory Schneider without a rebound.
19:16 of 2nd period - Stephen Weiss wins face-off versus Boyd Gordon in Jets zone.
19:34 of 2nd period - Icing by Ladislav Smid.
19:35 of 2nd period - Stephen Weiss wins face-off versus Vernon Fiddler in Sharks zone.
Goals for this period are 0 for Jets vs 1 for Sharks.
Shots for this period are 7 for Jets vs 10 for Sharks.

3rd period


0:01 of 3rd period - David Krejci wins face-off versus Charlie Coyle in neutral zone.
0:01 of 3rd period - Jamie Benn is hit by Matt Beleskey and loses puck.
0:07 of 3rd period - Matt Beleskey is hit by Tyler Myers and loses puck.
0:40 of 3rd period - Off-side.
0:41 of 3rd period - Nick Bonino wins face-off versus Andrew Shaw in neutral zone.
0:54 of 3rd period - Shot by Nikolai Kulemin.
0:54 of 3rd period - Shot Misses the Net.
1:15 of 3rd period - Anders Lee is hit by Mark Pysyk and loses puck.
1:20 of 3rd period - Shot by Anders Lee.
1:20 of 3rd period - Stopped by Jonas Hiller without a rebound.
1:21 of 3rd period - Alexander Wennberg wins face-off versus Craig Cunningham in Sharks zone.
1:50 of 3rd period - Off-side.
1:51 of 3rd period - David Krejci wins face-off versus Charlie Coyle in neutral zone.
1:53 of 3rd period - Off-side.
1:54 of 3rd period - Charlie Coyle wins face-off versus David Krejci in neutral zone.
2:02 of 3rd period - Shot by Matt Beleskey.
2:02 of 3rd period - Shot Misses the Net.
2:12 of 3rd period - Shot by Matt Beleskey.
2:12 of 3rd period - Stopped by Cory Schneider with a rebound.
2:14 of 3rd period - Shot by Martin Havlat.
2:14 of 3rd period - Shot Misses the Net.
2:16 of 3rd period - Shot by Robert Bortuzzo.
2:16 of 3rd period - Goal by Robert Bortuzzo - Jets : 2 - Sharks : 3.
2:17 of 3rd period - Vernon Fiddler wins face-off versus Andrew Shaw in neutral zone.
2:26 of 3rd period - Tyler Myers is hit by Brooks Laich and loses puck.
2:37 of 3rd period - Shot by Brooks Laich.
2:37 of 3rd period - Shot Misses the Net.
2:48 of 3rd period - Shot by Andrew Shaw.
2:48 of 3rd period - Shot Misses the Net.
3:41 of 3rd period - Icing by Brett Bellemore.
3:42 of 3rd period - Alexander Wennberg wins face-off versus David Krejci in Jets zone.
3:45 of 3rd period - Shot by Alexander Wennberg.
3:45 of 3rd period - Stopped by Cory Schneider without a rebound.
3:46 of 3rd period - Nick Bonino wins face-off versus Alexander Wennberg in Jets zone.
3:54 of 3rd period - Icing by Alexander Wennberg.
3:55 of 3rd period - Nick Bonino wins face-off versus Alexander Wennberg in Sharks zone.
3:59 of 3rd period - Cam Atkinson is hit by Ladislav Smid and loses puck.
4:50 of 3rd period - Icing by Ladislav Smid.
4:51 of 3rd period - Alexander Wennberg wins face-off versus David Krejci in Sharks zone.
4:51 of 3rd period - Alexander Wennberg is hit by Jamie Benn.
5:09 of 3rd period - Charlie Coyle is hit by Kevin Klein and loses puck.
5:23 of 3rd period - Minor Penalty to Kevin Klein for Roughing.
5:24 of 3rd period - Nick Bonino wins face-off versus Andrew Shaw in Jets zone.
5:45 of 3rd period - Shot by Brooks Laich.
5:45 of 3rd period - Stopped by Cory Schneider without a rebound.
5:46 of 3rd period - Nick Bonino wins face-off versus Nikolai Kulemin in Jets zone.
6:02 of 3rd period - Icing by Nikolai Kulemin.
6:03 of 3rd period - Alexander Wennberg wins face-off versus Nick Bonino in Sharks zone.
6:50 of 3rd period - Nicklas Grossmann is hit by Andrew Shaw and loses puck.
7:11 of 3rd period - Shot by Nick Bonino.
7:11 of 3rd period - Deflect By Anders Lee.
7:11 of 3rd period - Shot Blocked by Mark Pysyk.
7:39 of 3rd period - Shot by Stephen Weiss.
7:39 of 3rd period - Shot Misses the Net.
7:41 of 3rd period - Shot by Jordan Leopold.
7:41 of 3rd period - Stopped by Cory Schneider with a rebound.
7:43 of 3rd period - Shot by Viktor Stalberg.
7:43 of 3rd period - Shot Misses the Net.
8:06 of 3rd period - Icing by Kevin Klein.
8:07 of 3rd period - David Krejci wins face-off versus Alexander Wennberg in Jets zone.
8:46 of 3rd period - Shot by Patrick Eaves.
8:46 of 3rd period - Stopped by Jonas Hiller without a rebound.
8:47 of 3rd period - Andrew Shaw wins face-off versus Nick Bonino in Sharks zone.
9:07 of 3rd period - Icing by Nikolai Kulemin.
9:08 of 3rd period - Andrew Shaw wins face-off versus Vernon Fiddler in Sharks zone.
9:17 of 3rd period - Shot by Andrew Shaw.
9:17 of 3rd period - Stopped by Cory Schneider with a rebound.
9:19 of 3rd period - Shot by Andrej Sustr.
9:19 of 3rd period - Shot Blocked by Tyler Myers.
9:35 of 3rd period - Shot by Brooks Laich.
9:35 of 3rd period - Stopped by Cory Schneider without a rebound.
9:36 of 3rd period - Charlie Coyle wins face-off versus Nick Bonino in Jets zone.
11:11 of 3rd period - Shot by Jeff Carter.
11:11 of 3rd period - Shot Misses the Net.
11:54 of 3rd period - Off-side.
11:55 of 3rd period - Nick Bonino wins face-off versus Alexander Wennberg in neutral zone.
12:16 of 3rd period - Shot by Cam Atkinson.
12:16 of 3rd period - Shot Misses the Net.
12:18 of 3rd period - Shot by Radko Gudas.
12:18 of 3rd period - Shot Misses the Net.
12:20 of 3rd period - Shot by Nick Bonino.
12:20 of 3rd period - Shot Misses the Net.
12:50 of 3rd period - Icing by Radko Gudas.
12:51 of 3rd period - Brooks Laich wins face-off versus Nick Bonino in Jets zone.
13:21 of 3rd period - Icing by Radko Gudas.
13:22 of 3rd period - Charlie Coyle wins face-off versus Nick Bonino in Jets zone.
13:58 of 3rd period - Matt Beleskey is hit by Tobias Enstrom.
14:38 of 3rd period - Shot by Brett Connolly.
14:38 of 3rd period - Stopped by Jonas Hiller without a rebound.
14:39 of 3rd period - Boyd Gordon wins face-off versus Alexander Wennberg in Sharks zone.
14:47 of 3rd period - Icing by Colin McDonald.
14:48 of 3rd period - Vernon Fiddler wins face-off versus Alexander Wennberg in Sharks zone.
15:24 of 3rd period - Minor Penalty to Brett Bellemore for Tripping.
15:25 of 3rd period - Nick Bonino wins face-off versus Brooks Laich in Jets zone.
15:40 of 3rd period - Shot by Mark Pysyk.
15:40 of 3rd period - Stopped by Cory Schneider with a rebound.
16:01 of 3rd period - Minor Penalty to Andrej Sustr for Interference.
16:02 of 3rd period - Jeff Carter wins face-off versus Andrew Shaw in Sharks zone.
16:11 of 3rd period - Shot by Jamie Benn.
16:11 of 3rd period - Shot Blocked by Andrew Shaw.
16:14 of 3rd period - Icing by Robert Bortuzzo.
16:15 of 3rd period - Andrew Shaw wins face-off versus David Krejci in Sharks zone.
16:20 of 3rd period - David Krejci is hit by Andrew Shaw and loses puck.
16:35 of 3rd period - Shot by Andrew Shaw.
16:35 of 3rd period - Shot Blocked by Nicklas Grossmann.
17:00 of 3rd period - Shot by Jannik Hansen.
17:00 of 3rd period - Shot Misses the Net.
17:57 of 3rd period - Shot by Patrick Eaves.
17:57 of 3rd period - Stopped by Jonas Hiller without a rebound.
17:58 of 3rd period - Andrew Shaw wins face-off versus David Krejci in Sharks zone.
18:25 of 3rd period - Icing by Andrej Sustr.
18:26 of 3rd period - Jamie Benn wins face-off versus Stephen Weiss in Sharks zone.
18:26 of 3rd period - Jamie Benn is hit by Mark Pysyk.
18:38 of 3rd period - Shot by Jamie Benn.
18:38 of 3rd period - Stopped by Jonas Hiller without a rebound.
18:39 of 3rd period - Nick Bonino wins face-off versus Alexander Wennberg in Sharks zone.
18:40 of 3rd period - Shot by Anders Lee.
18:40 of 3rd period - Shot Misses the Net.
18:42 of 3rd period - Shot by Cam Atkinson.
18:42 of 3rd period - Shot Misses the Net.
18:50 of 3rd period - Jets, Cory Schneider is pulled from the net.
18:52 of 3rd period - Shot by Anders Lee.
18:52 of 3rd period - Stopped by Jonas Hiller without a rebound.
18:53 of 3rd period - Andrew Shaw wins face-off versus David Krejci in Sharks zone.
18:53 of 3rd period - Andrew Shaw is hit by Jamie Benn.
19:08 of 3rd period - Nikolai Kulemin is hit by Jamie Benn and loses puck.
19:59 of 3rd period - Shot by Matt Beleskey.
19:59 of 3rd period - Goal by Matt Beleskey - Jets : 2 - Sharks : 4.
19:59 of 3rd period - Cory Schneider from Jets was sent back in the game.
Goals for this period are 0 for Jets vs 2 for Sharks.
Shots for this period are 6 for Jets vs 9 for Sharks.